 Dungeon Crawl Stone Soup version 0.31-a0-263-ge8cad7f256 (webtiles) character file.

Game seed: 13743674034385380850

81 qw the Shooter (level 4, 0/26 HPs)
             Began as a Gargoyle Hexslinger on July 13, 2023.
             Slain by a worm (6 damage)
             ... on level 2 of the Dungeon.
             The game lasted 00:00:35 (617 turns).

qw the Shooter (Gargoyle Hexslinger)                 Turns: 617, Time: 00:00:35

Health: 0/26       AC:  8    Str: 12    XL:     4   Next: 42%
Magic:  5/5        EV: 10    Int: 13    God:
Gold:   53         SH:  0    Dex: 14    Spells: 4/5 levels left

rFire   . . .        Y - +1 sling
rCold   . . .        (no shield)
rNeg    + . .        l - +0 ring mail
rPois   inf          (no helmet)
rElec   +            (no cloak)
rCorr   .            (no gloves)
SInv    .            (no boots)
Will    .....        (no amulet)
Stlth   +            (no ring)
HPRegen 0.24/turn    (no ring)
MPRegen 0.09/turn

%: no passive effects
@: no status effects
A: sickness immunity, AC +3, negative energy resistance 1, electricity
resistance, torment resistance 1, petrification resistance
a: no special abilities


You were on level 2 of the Dungeon.
You visited 1 branch of the dungeon, and saw 2 of its levels.

You collected 53 gold pieces.


Innate Abilities, Weirdness & Mutations

You are immune to sickness and miasma.
Your stone body is resilient. (AC +3)
You are immune to poison.
You resist negative energy. (rN+)
You are resistant to electric shocks. (rElec)
You are resistant to unholy torment.
You are immune to petrification.


   Skills:
 - Level 2.0 Fighting
 + Level 4.0 Ranged Weapons
 - Level 1.0 Armour
 - Level 1.5 Dodging
 - Level 1.0 Spellcasting
 - Level 2.6 Hexes


You had 4 spell levels left.
You knew the following spells:

 Your Spells              Type           Power      Damage    Failure   Level
a - Slow                  Hex            28%        N/A       22%         1

Your spell library contained the following spells:

 Spells                   Type           Power      Damage    Failure   Level
 Inner Flame              Hex/Fire       4%         N/A       73%         3
 Portal Projectile        Hex/Tloc       8%         N/A       73%         3
 Cause Fear               Hex            3%         N/A       91%         4

Inventory:

Hand Weapons
 Y - a +1 sling (weapon)
Armour
 l - a +0 ring mail (worn)
Scrolls
 h - a scroll of identify
Potions
 f - 3 potions of curing
 g - a potion of resistance {unknown}
 m - a potion of heal wounds {unknown}

Dungeon Overview and Level Annotations

Branches:
Dungeon (2/15)

Altars:

Annotations:
D:2 Sigmund


Message History

The puff of flame hits you.
Sigmund mumbles some strange words.
Sigmund flickers and vanishes!
Deactivating autopickup; reactivate with Ctrl-A.
You shoot a sling bullet. The sling bullet hits the adder.
The adder is moderately wounded.
The adder completely misses you. The adder closely misses you.
You shoot a sling bullet. The sling bullet misses the adder.
The sling bullet hits the dart slug.
The dart slug is severely wounded.
The adder barely misses you.
You shoot a sling bullet. The sling bullet misses the adder.
The sling bullet completely misses the dart slug.
The adder barely misses you. Something hits you. The adder barely misses you.
The worm closely misses you.
You shoot a sling bullet.
The sling bullet closely misses the adder.
The sling bullet hits the dart slug!
You kill the dart slug!
The adder bites you.
You hear some strange, mumbled words.
A puff of flame appears from out of thin air!
The puff of flame hits you. The worm barely misses you.
The adder closely misses you.
Your Armour skill increases to level 1!
You shoot a sling bullet.
The sling bullet barely misses the adder.
Something hits you but does no damage. The adder misses you.
You shoot a sling bullet. The sling bullet hits the adder.
The adder is moderately wounded.
The adder closely misses you.
A magic dart appears from out of thin air!
The magic dart hits you. The worm barely misses you.
The adder closely misses you.
You shoot a sling bullet.
The sling bullet barely misses the adder.
The adder bites you but does no damage. Something hits you but does no damage.
A rat comes into view.
The worm bites you.
You die...

......#.......##
#.##
..........#####
#... ....##.###
##.. .. #.# #..7
#.# #..77 #B#
..7 #{# .7
...#####.#
..[....@.#
......wS##
..##.#..# # .#..
#.... ##.)..
#..## r...


You could see a worm, an adder, a giant cockroach and a rat (wandering).

Vanquished Creatures
  Natasha (D:2)
  2 adders (D:2)
  3 dart slugs
  2 endoplasms (D:1)
  4 goblins
  4 hobgoblins (D:1)
  3 jackals (D:1)
  3 kobolds
  2 ball pythons (D:1)
  5 bats (D:1)
  2 frilled lizards (D:1)
  3 rats (D:1)
34 creatures vanquished.

Notes
Turn   | Place    | Note
-------+----------+-------------------------------------------
     0 | D:1      | qw the Gargoyle Hexslinger began the quest for the Orb.
     0 | D:1      | Reached XP level 1. HP: 12/12 MP: 2/2
     0 | D:1      | 0 ||| qw: Version: 0.3-a-52-g30416fa
     0 | D:1      | 0 ||| qw: Game counter: 7460
     0 | D:1      | 0 ||| qw: Melee chars always use a shield: true
     0 | D:1      | 0 ||| qw: God list: Okawaru
     0 | D:1      | 0 ||| qw: Allow faded altars: false
     0 | D:1      | 0 ||| qw: Do Orc after clearing Dungeon:15 true
     0 | D:1      | 0 ||| qw: Do second Lair branch before Depths: true
     0 | D:1      | 0 ||| qw: Lair rune preference: random
     0 | D:1      | 0 ||| qw: Goals: Normal
     0 | D:1      | 0 ||| PLANNING D:1-11
    98 | D:1      | Reached XP level 2. HP: 16/16 MP: 3/3
   143 | D:1      | Reached skill level 3 in Ranged Weapons
   202 | D:1      | Reached XP level 3. HP: 21/21 MP: 4/4
   410 | D:1      | 410 ||| UPGRADING to +0 ring mail.
   420 | D:1      | 420 ||| DROPPING +0 robe.
   421 | D:1      | 421 ||| READING 4 scrolls labelled YMPIJEYPAN.
   422 | D:1      | 422 ||| READING 2 scrolls labelled ROLODAIRUA.
   423 | D:1      | 423 ||| READING 2 scrolls labelled FEABAM ALOIRPH.
   424 | D:1      | 424 ||| READING scroll labelled YMNY ULO EHOA.
   425 | D:1      | 425 ||| READING scroll labelled RONOAL EFREEM.
   426 | D:1      | 426 ||| READING scroll labelled SOCLUIL HOCHEBB.
   427 | D:1      | 427 ||| DRINKING 4 smoky sapphire potions.
   428 | D:1      | 428 ||| DROPPING 3 scrolls of amnesia.
   429 | D:1      | 429 ||| DROPPING scroll of poison.
   430 | D:1      | 430 ||| DROPPING scroll of revelation.
   465 | D:2      | Noticed Natasha
   475 | D:2      | Killed Natasha
   476 | D:2      | Reached XP level 4. HP: 18/26 MP: 5/5
   541 | D:2      | Reached skill level 4 in Ranged Weapons
   589 | D:2      | Noticed Sigmund
   615 | D:2      | Reached skill level 1 in Armour
   616 | D:2      | HP: 6/26 [something/magic dart (2)]
   617 | D:2      | Slain by a worm

Levels and vault maps discovered:
D:1:      grunt_arrival_crossed_arrows, layout_rooms, minmay_pentomino_r4
D:2:      layout_rooms, dilly_ecumenical_altar_fadedgnrine, uniq_sigmund,
          uniq_natasha

Skill      XL: |  1  2  3  4 |
---------------+-------------+-----
Ranged Weapons | 3 4 |  4.0
Fighting       | 2 |  2.0
Armour         | 1 |  1.0
Dodging        | |  1.5
Spellcasting   | |  1.0
Hexes          | |  2.6

Action                     |  1- 3 |  4- 6 || total
---------------------------+-------+-------++-------
   Fire: Sling             |    83 |    59 ||   142
    Use: Scroll            |     6 |       ||     6
         Potion            |     1 |       ||     1
 Armour: Robe              |    15 |       ||    15
         Ring mail         |     4 |    26 ||    30
  Dodge: Dodged            |    31 |    35 ||    66

Table legend:
 A = Non-vault XP
 B = Vault XP
 C = Vault XP percentage of total XP
 D = Non-vault monster count
 E = Vault monster count
 F = Vault count percentage of total count
                 A         B        C        D         E       F
            +---------+---------+-------+---------+---------+-------
      Total |      79 |      38 |  32.5 |      30 |       4 |  11.8
            +---------+---------+-------+---------+---------+-------
        D:1 |      44 |       3 |   6.4 |      24 |       3 |  11.1
        D:2 |      35 |      35 |  50.0 |       6 |       1 |  14.3
            +---------+---------+-------+---------+---------+-------
